 Dungeon Crawl Stone Soup version 0.30-a0-596-g0af90f9a20 (webtiles) character file.

Game seed: 7756557451233160978

5192 bmack86 the Fighter (level 10, -5/94 HPs)
             Began as a Minotaur Fighter on Jan 7, 2023.
             Was a Follower of Okawaru.
             Succumbed to a killer bee's poison
             ... on level 9 of the Dungeon.
             The game lasted 00:23:02 (7935 turns).

bmack86 the Fighter (Minotaur Fighter)              Turns: 7935, Time: 00:23:03

Health: -5/94      AC: 14    Str: 24    XL:     10   Next: 34%
Magic:  9/10       EV:  6    Int:  7    God:    Okawaru [*.....]
Gold:   354        SH: 10    Dex: 11    Spells: 9/9 levels left

rFire   . . .      SeeInvis .    a - +1 war axe
rCold   + + .      Faith    .    c - +0 buckler
rNeg    + . .      Spirit   .    o - +0 plate armour
rPois   .          Reflect  +    (helmet restricted)
rElec   .          Harm     .    L - +0 cloak
rCorr   .          Rampage  .    (no gloves)
Will    .....                    (no boots) Stlth
                                 p - amulet of reflection
HPRegen 0.35/turn                q - ring of protection from cold
MPRegen 0.12/turn                s - ring "Qerph" {rC+ rN+ Int+2 Slay+4}

@: lethally poisoned (-5 -> -47)
A: horns 2, retaliatory headbutt
a: Renounce Religion, Heroism


You were on level 9 of the Dungeon.
You worshipped Okawaru.
Okawaru was aware of your devotion.
You visited 2 branches of the dungeon, and saw 10 of its levels.
You also visited: Sewer.

You collected 354 gold pieces.

Inventory:

Hand Weapons
 a - a +1 war axe (weapon)
Missiles
 r - a curare-tipped dart
 v - 4 javelins (quivered)
 w - 13 poisoned darts
 H - 2 throwing nets
Armour
 c - a +0 buckler (worn)
 o - a +0 plate armour (worn)
 t - a scarf of harm
 L - a +0 cloak (worn)
Jewellery
 p - an amulet of reflection (around neck)
 q - a ring of protection from cold (left hand)
 s - the ring "Qerph" (right hand) {rC+ rN+ Int+2 Slay+4}
   (You found it on level 6 of the Dungeon)

   [ring of slaying]

   Int:       It affects your intelligence (+2).
   Slay:      It affects your accuracy & damage with ranged weapons and melee
   (+4).
   rC:        It protects you from cold.
   rN:        It protects you from negative energy.
 G - a ring of positive energy
Wands
 b - a wand of light (6)
 D - a wand of charming (27)
 F - a wand of flame (37)
Scrolls
 e - 2 scrolls of blinking
 i - a scroll of teleportation
 j - a scroll of vulnerability
 n - a scroll of enchant weapon
 y - a scroll of torment
 A - a scroll of amnesia {unknown}
 B - 2 scrolls of fear {unknown}
 I - a scroll of acquirement {unknown}
 J - a scroll of magic mapping
 K - a scroll of immolation {unknown}
Potions
 d - a potion of might
 f - 3 potions of attraction
 g - 3 potions of haste
 h - 3 potions of heal wounds
 k - 9 potions of curing
 l - a potion of magic
 m - a potion of flight {unknown}
 C - 2 potions of lignification
 E - a potion of mutation {unknown}


   Skills:
 * Level 10.5 Fighting
 * Level 10.1 Axes
 + Level 5.3 Throwing
 + Level 7.8 Armour
 + Level 7.9 Shields
 + Level 1.7 Invocations


You had 9 spell levels left.
You didn't know any spells.
Your spell library contained the following spells:

 Spells                   Type           Power      Damage    Failure   Level
 Sandblast                Erth           0%         2d4       100%        1
 Blink                    Tloc           0%         N/A       100%        2
 Cigotuvi's Dreadful Rot  Necr/Pois/Air  0%         N/A       100%        2
 Passwall                 Tmut/Erth      0%         N/A       100%        2
 Stone Arrow              Conj/Erth      0%         3d7       100%        3
 Dispel Undead            Necr           0%         3d6       100%        4
 Manifold Assault         Tloc           0%         N/A       100%        4
 Storm Form               Tmut/Air       0%         N/A       100%        7
 Summon Ice Beast         Ice/Summ       Unusable   N/A       N/A         4
 Summon Mana Viper        Hex/Summ       Unusable   N/A       N/A         5
 Death Channel            Necr           Unusable   N/A       N/A         6
 Monstrous Menagerie      Summ           Unusable   N/A       N/A         7

Dungeon Overview and Level Annotations

Branches:
Dungeon (9/15)             Temple (1/1) D:4           Sewer (visited)
   Lair: D:8-11         Orc: D:9-12

Altars:
Ashenzari
Cheibriados
Dithmenos
Elyvilon
Fedhas
Gozag
Hepliaklqana
Kikubaaqudgha
Makhleb
Nemelex Xobeh
Okawaru
Qazlal
Ru
Sif Muna
Trog
Uskayaw
Vehumet
Wu Jian
Xom
Yredelemnul
Zin
The Shining One
Lugonu

Shops:
D:6 =

Annotations:
D:6 3 runed translucent doors, flotson's ghost, novice DsDe


Innate Abilities, Weirdness & Mutations

You have a pair of horns on your head.
You reflexively headbutt those who attack you in melee.


Message History

The queen bee stings you.
You are more poisoned.
The queen bee poisons you! The killer bee completely misses you.
You furiously retaliate!
You headbutt the killer bee, but do no damage.
You barely miss the queen bee.
The queen bee is severely wounded.
You hit the killer bee but do no damage.
You miss the killer bee.
You feel very sick. The killer bee barely misses you.
The killer bee stings you.
You are more poisoned.
The killer bee poisons you! The killer bee barely misses you.
You furiously retaliate!
You headbutt the killer bee.
The killer bee stings you but does no damage. x2
The queen bee barely misses you. You block the killer bee's attack.
A killer bee comes into view.
You hit the queen bee but do no damage.
You headbutt the queen bee, but do no damage.
The queen bee is severely wounded.
You barely miss the killer bee. You slash the killer bee!
You feel extremely sick. The killer bee stings you.
* * * LOW HITPOINT WARNING * * *
The killer bee stings you but does no damage.
You block the killer bee's attack. x2; The killer bee stings you.
* * * LOW HITPOINT WARNING * * *
You are more poisoned.
The killer bee poisons you!
The howler monkey hoots and howls with incredible vigour!
The killer bee stings you!
* * * LOW HITPOINT WARNING * * *
You are more poisoned.
The killer bee poisons you! The queen bee stings you!
* * * LOW HITPOINT WARNING * * *
The killer bee barely misses you.
You closely miss the queen bee.
The queen bee is severely wounded.
You miss the killer bee. x2
You die...

######### ........#
....... .........#
...†... ..........#
.†..... ...........###
....... .............#
......(
...........#.##yy!†...
...........#.†#yyy.†..
...........##.@yyy.y..
...........####yyy....
...........#


yh..... ...........# ..!..[. #######†#### ######. ##...# ####..### #....##
###'######## You could see a queen bee, a howler monkey and 12 killer bees.

Vanquished Creatures
  A troll (D:9)
  10 yaks (D:7)
  2 wyverns
  Eustachio (D:4)
  A steam dragon (D:8)
  Menkaure (D:7)
  4 water moccasins
  Duvessa (D:7)
  A sky beast (D:7)
  2 ogres
  A phantom (D:7)
  A kobold brigand (D:3)
  4 bullfrogs (D:7)
  Dowan (D:7)
  25 killer bees
  3 hounds
  2 jellies
  2 orc priests
  Crazy Yiuf (D:7)
  3 iguanas
  8 orc wizards
  7 gnolls
  9 adders
  5 river rats (Sewer)
  A shadow imp (D:5)
  3 white imps
  An ufetubus (D:5)
  A worm (D:4)
  2 dart slugs
  29 orcs
  4 endoplasms
  3 giant cockroaches
  10 goblins
  4 hobgoblins
  9 jackals
  14 kobolds
  6 quokkas
  8 ball pythons
  7 bats
  6 frilled lizards
  13 rats
217 creatures vanquished.

Vanquished Creatures (others)
  3 fungi (D:3)
3 creatures vanquished.

Grand Total: 220 creatures vanquished

Notes
Turn   | Place    | Note
-------+----------+-------------------------------------------
     0 | D:1      | bmack86 the Minotaur Fighter began the quest for the Orb.
     0 | D:1      | Reached XP level 1. HP: 19/19 MP: 0/0
   191 | D:1      | Reached XP level 2. HP: 27/27 MP: 1/1
   469 | D:1      | Reached XP level 3. HP: 33/33 MP: 2/2
   727 | D:2      | Identified the +4 short sword "Giantslayer" {speed, Drain
                  | rPois Will++ Stlth+}
  1402 | D:3      | Noticed a kobold brigand
  1419 | D:3      | Killed a kobold brigand
  1420 | D:3      | Reached XP level 4. HP: 14/41 MP: 3/3
  1540 | D:3      | Found a stormy altar of Qazlal.
  1546 | D:3      | Reached XP level 5. HP: 41/47 MP: 4/4
  1558 | D:3      | Reached skill level 1 in Throwing
  1661 | D:3      | Found a glowing drain.
  1675 | D:3      | Reached skill level 5 in Fighting
  1683 | Sewer    | Entered a sewer
  2075 | D:3      | Found a faded altar of an unknown god.
  2133 | D:3      | Found a sacrificial altar of Ru.
  2184 | D:3      | Found a shimmering altar of Xom.
  2530 | D:4      | Reached XP level 6. HP: 38/56 MP: 5/5
  2544 | D:4      | Found a staircase to the Ecumenical Temple.
  2560 | Temple   | Entered the Ecumenical Temple
  2821 | D:4      | Noticed Eustachio
  2842 | D:4      | Killed Eustachio
  2843 | D:4      | Reached skill level 5 in Axes
  3556 | D:5      | Entered Level 5 of the Dungeon
  3562 | D:5      | Reached skill level 5 in Armour
  3562 | D:5      | Reached skill level 5 in Shields
  3562 | D:5      | Reached XP level 7. HP: 63/63 MP: 6/6
  4850 | D:6      | Found a shimmering blue altar of Sif Muna.
  4859 | D:6      | Found a radiant altar of Vehumet.
  4860 | D:6      | Found a blossoming altar of Fedhas.
  4860 | D:6      | Found a glowing golden altar of the Shining One.
  4860 | D:6      | Found a bloodstained altar of Trog.
  4860 | D:6      | Found a broken altar of Ashenzari.
  4860 | D:6      | Found a burning altar of Makhleb.
  4861 | D:6      | Found a glowing silver altar of Zin.
  4863 | D:6      | Found a hazy altar of Hepliaklqana.
  4864 | D:6      | Found a hide-covered altar of Uskayaw.
  4902 | D:6      | Identified the ring "Qerph" {rC+ rN+ Int+2 Slay+4}
  4936 | D:6      | Found a runed translucent gate.
  4936 | D:6      | Found a runed translucent gate.
  4937 | D:6      | Found a runed translucent gate.
  4939 | D:6      | Noticed flotson's ghost (novice DsDe)
  4987 | D:6      | Reached XP level 8. HP: 67/73 MP: 7/7
  5103 | D:6      | Found Ippeps's Jewellery Boutique.
  5817 | D:7      | Noticed Duvessa
  5818 | D:7      | Noticed Dowan
  5825 | D:7      | Killed Duvessa
  5826 | D:7      | Killed Dowan
  5968 | D:7      | Reached XP level 9. HP: 39/82 MP: 8/8
  6507 | D:7      | Found a runed translucent door.
  6508 | D:7      | Noticed Crazy Yiuf
  6543 | D:7      | Noticed Menkaure
  6553 | D:7      | Killed Menkaure
  6774 | D:7      | Found an iron altar of Okawaru.
  6782 | D:7      | Became a worshipper of Warmaster Okawaru
  7130 | D:7      | Killed Crazy Yiuf
  7342 | D:8      | Reached skill level 10 in Fighting
  7377 | D:8      | Identified the +8 falchion "Huutee" {flame, rN+ Dex+4}
  7396 | D:8      | Reached skill level 5 in Throwing
  7396 | D:8      | Reached XP level 10. HP: 71/93 MP: 9/9
  7813 | D:9      | Reached * piety under Okawaru
  7814 | D:9      | Reached skill level 1 in Invocations
  7925 | D:9      | Reached skill level 10 in Axes
  7934 | D:9      | HP: 4/94 [queen bee (13)]
  7935 | D:9      | Succumbed to a killer bee's poison

Illustrated notes

Levels and vault maps discovered:
D:1:      roderic_chinese_lattice_arrival, layout_basic, st_stairs_14,
          hangedman_abyss_or_decor_stabs, chequers_serial_rivers_micro_c,
          item_on_display_a
D:2:      layout_basic
D:3:      layout_rooms, lemuel_tele_altar, mainiacjoe_overflow_cross_hatched,
          nicolae_ru_path_of_blood,
          hellmonk_ecumenical_altar_pennies_from_heaven, portal_sewer_entry_d
D:4:      layout_loops_ring, temple_statues, patterned_corridor, uniq_eustachio
D:5:      layout_basic, chequers_garden, serial_bayou_pond_a, minivault_14
D:6:      layout_basic, minitemple, serial_shops, shop,
          gammafunk_ghost_nasty_kobolds
D:7:      layout_basic, kennysheep_okawaru_gauntlet, nicolae_titane,
          uniq_crazy_yiuf_cottage, uniq_duvessa, uniq_menkaure
D:8:      layout_basic
D:9:      layout_roguey [special_room_bee]
Temple:   corrupted_temple

Skill      XL: |  1  2  3  4  5  6  7  8  9 10 |
---------------+-------------------------------+-----
Fighting       | 4 5 6 7 8 10 | 10.5
Axes           | 3 4 5 6 8 9 10 | 10.1
Shields        | 4 5 6 7 |  7.9
Armour         | 4 5 6 7 |  7.8
Throwing       | 1 2 3 5 |  5.3
Invocations    | 1 |  1.7

Action                   |  1- 3 |  4- 6 |  7- 9 | 10-12 || total
-------------------------+-------+-------+-------+-------++-------
Melee: War axe           |    84 |   136 |   233 |    37 ||   490
       Headbutt          |    12 |    18 |    33 |     8 ||    71
Throw: Dart              |       |     4 |     2 |       ||     6
       Javelin           |       |       |     6 |       ||     6
Invok: Heroism           |       |       |       |     1 ||     1
  Use: Scroll            |       |     2 |    13 |     1 ||    16
       Potion            |       |       |     1 |       ||     1
Armor: Scale mail        |    49 |       |       |       ||    49
       Plate armour      |    15 |    69 |   137 |    34 ||   255
Dodge: Dodged            |    43 |    46 |    69 |    27 ||   185
Block: Buckler           |    51 |    85 |   122 |    40 ||   298
       Reflection        |     1 |     3 |     2 |       ||     6

Table legend: (Time is in decaauts)
 A = Elapsed time spent in this place.
 B = Non-inter-level travel time spent in this place.
 C = Inter-level travel time spent in this place.
 D = Time resting spent in this place.
 E = Time spent auto-exploring this place.
 F = Levels seen in this place.
 G = Mean time per level.
                   A        B        C        D        E       F      G
               +--------+--------+--------+--------+--------+-----+--------+
         Total |   8126 |   7872 |    254 |    715 |   4795 |  11 |  738.7 |
       Dungeon |   7705 |   7464 |    241 |    715 |   4674 |   9 |  856.1 |
        Temple |     64 |     51 |     13 |      0 |     36 |   1 |   64.0 |
         Sewer |    357 |    357 |      0 |      0 |     85 |   1 |  357.0 |
               +--------+--------+--------+--------+--------+-----+--------+

Top non-repeatable levels by time:
     D:7: 1572 daAuts
     D:5: 1156 daAuts
     D:4: 1042 daAuts
     D:6: 956 daAuts
     D:2: 837 daAuts
     D:3: 705 daAuts
     D:1: 696 daAuts
     D:8: 587 daAuts
   Sewer: 357 daAuts
     D:9: 151 daAuts
  Temple: 64 daAuts
